 Dungeon Crawl Stone Soup version 0.28.0-53-g5a82cb258f (webtiles) character file.

Game seed: 15794845530718308380

674 DocClef the Skirmisher (level 7, -2/61 HPs)
             Began as a Pale Draconian Fighter on June 14, 2022.
             Slain by a gnoll
             ... wielding a +0 flail
              (5 damage)
             ... on level 6 of the Dungeon.
             The game lasted 00:04:43 (4148 turns).

DocClef the Skirmisher (Pale Draconian Fighter)     Turns: 4148, Time: 00:04:43

Health: -2/61      AC:  6    Str: 17 (18) XL:     7   Next: 33%
Magic:  7/7        EV: 13    Int:  6 (9)  God:
Gold:   96         SH:  5    Dex: 11 (12) Spells: 6/6 levels left

rFire   + . .      SeeInvis .   r - +2 rapier (drain)
rCold   + . .      Faith    .   b - +0 buckler
rNeg    . . .      Spirit   .   (armour unavailable)
rPois   .          Reflect  .   (helmet restricted)
rElec   .          Harm     .   i - scarf {rC+ rF+}
rCorr   .          Rampage  .   (no gloves)
Will    .....                   (no boots)
Stlth   ++........              (no amulet)
HPRegen 0.20/turn               (no ring)
MPRegen 0.10/turn               (no ring)

@: brilliant, lethally poisoned (-2 -> -11)
A: breathe steam, AC +6, unfitting armour, cold-blooded, steam resistance
a: Breathe Steam


You were on level 6 of the Dungeon.
You visited 1 branch of the dungeon, and saw 6 of its levels.

You collected 96 gold pieces.

Inventory:

Hand Weapons
 a - a +0 rapier
 n - a +2 dagger of venom
 r - a +2 rapier of draining (weapon)
Armour
 b - a +0 buckler (worn)
 i - a scarf of resistance (worn)
Jewellery
 l - a ring of flight
Wands
 p - a wand of flame (10)
Scrolls
 g - 5 scrolls of teleportation {unknown}
 h - 2 scrolls of magic mapping {unknown}
 k - a scroll of fog {unknown}
 q - a scroll of enchant armour {unknown}
 s - a scroll of fear {unknown}
 t - 2 scrolls of enchant weapon {unknown}
 u - a scroll of identify {unknown}
 v - a scroll of torment {unknown}
 w - a scroll of vulnerability {unknown}
Potions
 c - 4 potions of might
 m - a potion of ambrosia
 o - a potion of cancellation {unknown}
 x - a potion of invisibility {unknown}


   Skills:
 + Level 5.6 Fighting
 - Level 2.0 Short Blades
 + Level 5.3 Dodging
 + Level 2.3 Stealth
 + Level 4.8 Shields


You had 6 spell levels left.
You didn't know any spells.
Your spell library contained the following spells:

 Spells                   Type           Power      Damage    Failure   Level
 Corpse Rot               Necr/Air       0%         N/A       67%         2
 Poisonous Vapours        Pois/Air       0%         N/A       67%         2


Dungeon Overview and Level Annotations

Branches:
Dungeon (6/15)
 Temple: D:4-7

Altars:

Shops:
D:2 ?   D:4 *

Annotations:
D:2 Grinder, Sigmund
D:3 2 transporters, trickyswaf's ghost, amateur DEFE
D:4 Edmund


Innate Abilities, Weirdness & Mutations

You can breathe blasts of scalding, opaque steam.
Your pale cyan-grey scales are hard. (AC +6)
You cannot fit into any form of body armour.
You are cold-blooded and may be slowed by cold attacks.
You are immune to the effects of steam.


Message History

You have got your breath back.
The gnoll sergeant hits you from afar with a +0 spear!
* * * LOW HITPOINT WARNING * * *
The gnoll closely misses you.
Okay, then.
Okay, then.
You miss the gnoll.
Your tail-slap misses the gnoll.
The gnoll hits you with a +0 club.
* * * LOW HITPOINT WARNING * * *
The gnoll sergeant throws a poisoned dart.
The poisoned dart hits you!
You are lethally poisoned!
The gnoll misses you.
You miss the gnoll.
* * * LOW HITPOINT WARNING * * *
You feel very sick. The gnoll hits you with a +0 club.
* * * LOW HITPOINT WARNING * * *
The gnoll sergeant throws a poisoned dart.
The poisoned dart hits you!
You are more poisoned.
The gnoll barely misses you.
You hit the gnoll.
The gnoll is moderately wounded.
* * * LOW HITPOINT WARNING * * *
You feel very sick. The gnoll closely misses you.
The gnoll sergeant closely misses you. The gnoll hits you but does no damage.
The gnoll closely misses you.
Unknown command.
You feel less invigorated.
You feel less confused.
* * * LOW HITPOINT WARNING * * *
You feel very sick. You block the gnoll's attack.
Unknown command.
You closely miss the gnoll.
Your tail-slap misses the gnoll.
* * * LOW HITPOINT WARNING * * *
You feel very sick. The gnoll sergeant barely misses you.
The gnoll hits you with a +0 flail.
You die...

#..............
#....(.......###
#..............
######............#
#.................#
#.....<...........#
######.).#........##
###...#.#####)g...#
#...###... #gg@..#
#.###
#.#..............
#.#
#.....).......$..
...#
##............##.
#### ##.............
............####
.............
...........#.


You could see a gnoll sergeant and 2 gnolls.

Vanquished Creatures
  Eustachio (D:4)
  A black bear (D:6)
  A water moccasin skeleton (D:4)
  An orc priest (D:6)
  A jelly (D:4)
  A centaur skeleton (D:6)
  Jessica (D:2)
  3 iguanas
  An orc wizard (D:4)
  Ijyb (D:4)
  Robin (D:4)
  A howler monkey skeleton (D:6)
  2 gnolls (D:6)
  5 adders
  A worm (D:4)
  A dart slug (D:1)
  9 orcs
  2 ball pythons
  3 bats
  3 endoplasms
  A giant cockroach (D:3)
  9 goblins
  6 hobgoblins
  5 quokkas
  2 frilled lizards
  7 kobolds
  4 rats
74 creatures vanquished.

Notes
Turn   | Place    | Note
-------+----------+-------------------------------------------
     0 | D:1      | DocClef the Draconian Fighter began the quest for the Orb.
     0 | D:1      | Reached XP level 1. HP: 19/19 MP: 1/1
   445 | D:1      | Reached XP level 2. HP: 26/26 MP: 2/2
   955 | D:2      | Noticed Jessica
   957 | D:2      | Found Amaim's Magic Scroll Boutique.
   966 | D:2      | Killed Jessica
   967 | D:2      | Reached XP level 3. HP: 31/33 MP: 3/3
  1333 | D:2      | Reached XP level 4. HP: 40/40 MP: 4/4
  1505 | D:2      | Noticed Sigmund
  1561 | D:3      | Noticed Grinder
  1562 | D:3      | Paralysed by Grinder for 7 turns
  1670 | D:3      | Noticed trickyswaf's ghost (amateur DEFE)
  1679 | D:3      | Found a transporter.
  1712 | D:3      | Found a transporter.
  2038 | D:3      | Found a faded altar of an unknown god.
  2182 | D:4      | Noticed Robin
  2640 | D:4      | Reached skill level 1 in Stealth
  2640 | D:4      | Reached XP level 5. HP: 32/47 MP: 5/5
  2643 | D:4      | Killed Robin
  2850 | D:4      | Noticed Ijyb
  2871 | D:4      | Killed Ijyb
  3079 | D:4      | Found Xolop's CLEARANCE SALE!.
  3102 | D:4      | Reached XP level 6. HP: 46/53 MP: 6/6
  3226 | D:4      | Noticed Eustachio
  3243 | D:4      | Killed Eustachio
  3244 | D:4      | Reached skill level 5 in Fighting
  3788 | D:4      | Noticed Edmund
  3830 | D:5      | Entered Level 5 of the Dungeon
  3891 | D:6      | Your scales start taking on a pale cyan-grey colour.
  3891 | D:6      | Reached XP level 7. HP: 17/61 MP: 7/7
  3891 | D:6      | Gained mutation: You are immune to the effects of steam.
                  | [Pale Draconian growth]
  4126 | D:6      | Reached skill level 5 in Dodging
  4143 | D:6      | HP: 2/61 [gnoll sergeant/+0 spear (9)]
  4148 | D:6      | HP: 3/61 [poisoned by a gnoll sergeant]
  4148 | D:6      | Slain by a gnoll

Illustrated notes

Levels and vault maps discovered:
D:1:      dpeg_arrival_chambers_temple_mockup, layout_loops_cross,
          supply_closet_lemuel
D:2:      layout_basic, serial_shops, nicolae_shop_advertising_works
          [nicolae_subvault_shop_adworks], serial_bayou_pond_e, st_stairs_5,
          dk_vineyard_3, uniq_jessica, uniq_sigmund
D:3:      layout_loops_ring, gammafunk_ghost_arena,
          chequers_ecumenical_altar_island, uniq_grinder
D:4:      layout_basic, nicolae_shop_clearance, uniq_robin, uniq_ijyb,
          uniq_eustachio, uniq_edmund
D:5:      layout_loops_ring, mainiacjoe_overflow_tiny_flanked,
          minmay_temple_entry_waves
D:6:      layout_rooms, minmay_misc_feat_diagonals, uniq_blork_the_orc

Skill      XL: |  1  2  3  4  5  6  7 |
---------------+----------------------+-----
Dodging        | 3 4 5 |  5.3
Fighting       | 4 5 |  5.6
Stealth        | 1 2 |  2.3
Shields        | 4 |  4.8
Short Blades   | |  2.0

Action                   |  1- 3 |  4- 6 |  7- 9 || total
-------------------------+-------+-------+-------++-------
Melee: Rapier            |    80 |    77 |    20 ||   177
       Tailslap          |     5 |    25 |     3 ||    33
       Dagger            |       |    96 |       ||    96
 Abil: Breathe Steam     |       |       |     1 ||     1
  Use: Potion            |       |       |     5 ||     5
 Stab: Sleeping          |     1 |     1 |       ||     2
Armor: Skin              |    14 |    35 |    13 ||    62
Dodge: Dodged            |    49 |   101 |    32 ||   182
Block: Buckler           |    18 |    29 |     8 ||    55
